 Dungeon Crawl Stone Soup version 0.31-a0-259-g771a54c (webtiles) character file.

Game seed: 11536698177707408981

2167 Dawnplanks the Thaumaturge (level 9, -1/59 HPs)
             Began as a Barachi Fire Elementalist on July 13, 2023.
             Succumbed to a water moccasin's poison
             ... on level 7 of the Dungeon.
             The game lasted 00:18:25 (7325 turns).

Dawnplanks the Thaumaturge (BaFE)                   Turns: 7325, Time: 00:18:25

Health: -1/59      AC:  4    Str: 15    XL:     9   Next: 32%
Magic:  2/21       EV: 12    Int: 20    God:
Gold:   410        SH:  0    Dex: 13    Spells: 19/25 levels left

rFire   . . .        l - +2 dagger (vamp)
rCold   . . .        (no shield)
rNeg    . . .        a - +0 robe
rPois   .            (no helmet)
rElec   .            j - +0 cloak
rCorr   .            (no gloves)
SInv    .            s - +0 pair of boots
Will    .....        y - amulet of the acrobat
Stlth   ++           u - +6 ring of strength
HPRegen 0.29/turn    (no ring)
MPRegen 0.17/turn

%: acrobat
@: lethally poisoned (-1 -> -21), attractive, slow
A: amphibious, slowness 1, strong legs 1, +LOS
a: Hop


You were on level 7 of the Dungeon.
You visited 1 branch of the dungeon, and saw 7 of its levels.

You collected 410 gold pieces.

Inventory:

Hand Weapons
 l - a +2 vampiric dagger (weapon)
Missiles
 B - a throwing net
Armour
 a - a +0 robe (worn)
 j - a +0 cloak (worn)
 s - a +0 pair of boots (worn)
Jewellery
 u - a +6 ring of strength (left hand)
 y - an amulet of the acrobat (around neck)
Wands
 t - a wand of flame (5)
 v - a wand of iceblast (25)
Scrolls
 c - a scroll of poison {unknown}
 f - 6 scrolls of immolation
 g - 2 scrolls of teleportation {unknown}
 i - 2 scrolls of noise {unknown}
 k - a scroll of enchant weapon {unknown}
 o - a scroll of fear {unknown}
 p - a scroll of brand weapon {unknown}
 r - 2 scrolls of revelation {unknown}
 z - a scroll of enchant armour {unknown}
Potions
 b - 3 potions of attraction
 d - a potion of cancellation {unknown}
 e - 3 potions of berserk rage {unknown}
 h - a potion of enlightenment
 n - a potion of invisibility {unknown}
 q - 3 potions of degeneration {unknown}
 w - 2 potions of curing {unknown}
 x - 2 potions of brilliance {unknown}
 A - a potion of lignification
 C - a potion of magic
 D - a potion of haste


   Skills:
 + Level 1.3 Fighting
 + Level 2.6 Dodging
 - Level 1.7 Stealth
 + Level 8.7 Spellcasting
 + Level 5.1 Conjurations
 + Level 8.4 Fire Magic
 + Level 0.1 Evocations


You had 19 spell levels left.
You knew the following spells:

 Your Spells              Type           Power      Damage    Failure   Level
a - Foxfire               Conj/Fire      100%       2x1d9     1%          1
b - Scorch                Fire           84%        2d8       1%          2
c - Volatile Blastmotes   Fire/Tloc      50%        2d14      4%          3

Your spell library contained the following spells:

 Spells                   Type           Power      Damage    Failure   Level
 Kiss of Death            Conj/Necr      72%        2d10      2%          1
 Shock                    Conj/Air       72%        1d7       2%          1
 Inner Flame              Hex/Fire       25%        N/A       4%          3
 Flame Wave               Conj/Fire      35%        2d10      4%          4
 Slow                     Hex            32%        N/A       8%          1
 Summon Small Mammal      Summ           32%        N/A       8%          1
 Ignite Poison            Fire/Tmut/Pois 19%        N/A       8%          3
 Cigotuvi's Dreadful Rot  Necr/Pois/Air  16%        N/A       12%         2
 Wereblood                Tmut           8%         N/A       12%         2
 Call Canine Familiar     Summ           8%         N/A       24%         3
 Confusing Touch          Hex            8%         N/A       24%         3
 Portal Projectile        Hex/Tloc       16%        N/A       24%         3
 Summon Guardian Golem    Hex/Summ       8%         N/A       24%         3
 Swiftness                Air            8%         N/A       24%         3
 Vampiric Draining        Necr           8%         2d6       24%         3
 Airstrike                Air            4%         2d(1-17)  61%         4
 Dispel Undead            Necr           8%         3d8       61%         4
 Leda's Liquefaction      Hex/Erth       4%         N/A       61%         4
 Irradiate                Conj/Tmut      9%         3d14      61%         5
 Freezing Cloud           Conj/Ice/Air   7%         6-21      73%         5


Dungeon Overview and Level Annotations

Branches:
Dungeon (7/15)
 Temple: D:4-7

Altars:
Wu Jian
Xom

Shops:
D:4 =   D:6 ([[[


Innate Abilities, Weirdness & Mutations

You are amphibious.
You cover ground slowly.
You can hop short distances.
You have an extended range of vision and can be seen from far away.


Message History

Casting: Foxfire (safe; 1% risk of failure)
Confirm with . or Enter, or press ? or * to list all spells.
You conjure some foxfire!
The hound bites you but does no damage. The hound bites you.
The foxfire hits the water moccasin but does no damage.
Casting: Foxfire (safe; 1% risk of failure)
Confirm with . or Enter, or press ? or * to list all spells.
There is not enough space to conjure foxfire!
Casting: Foxfire (safe; 1% risk of failure)
Confirm with . or Enter, or press ? or * to list all spells.
Flames lash the jelly.
The jelly is moderately wounded.
The jelly's fire resistance burns away.
The hound closely misses you. The water moccasin bites you.
You are poisoned.
The water moccasin poisons you!
Casting: Scorch (safe; 1% risk of failure)
Confirm with . or Enter, or press ? or * to list all spells.
Flames lash the jelly.
The jelly is burned terribly!
You kill the jelly!
You feel very sick.
You hear a shout!
The hound closely misses you. The water moccasin bites you.
* * * LOW HITPOINT WARNING * * *
You are lethally poisoned!
The water moccasin poisons you! The hound bites you but does no damage.
Casting: Scorch (safe; 1% risk of failure)
Confirm with . or Enter, or press ? or * to list all spells.
Flames lash the orc wizard.
The orc wizard is moderately wounded.
The orc wizard's fire resistance burns away.
* * * LOW HITPOINT WARNING * * *
You feel very sick. The water moccasin bites you!
* * * LOW HITPOINT WARNING * * *
The hound bites you.
* * * LOW HITPOINT WARNING * * *
It was a potion of attraction.
You feel attractive to monsters.
You die...

##### #...#
######..[#####
..............
######...#####
............## ###
######....#..)
#@########.....###
#hS...............
#.o###...##.##.###
#.#..###....##..#
#.###..###...#..#
#.# #o.###.....
#.# #. ###..# ..#
#.. #.# #.


You could see a water moccasin, a hound and an orc wizard (combustible).

Vanquished Creatures
  Eustachio (D:5)
  3 ice beasts
  3 black bears
  A sky beast (D:6)
  2 ogres
  A centaur (D:6)
  A kobold brigand (D:7)
  A gnoll sergeant (D:6)
  7 scorpions
  A jelly (D:7)
  An orc priest (D:4)
  4 hounds
  A sleepcap (D:7)
  Terence (D:2)
  An iguana (D:6)
  2 orc wizards
  Robin (D:2)
  5 gnolls (D:6)
  11 adders
  A shadow imp (D:6)
  3 white imps
  An ufetubus (D:4)
  4 worms
  5 dart slugs
  8 orcs
  6 endoplasms
  4 giant cockroaches
  13 goblins
  7 hobgoblins
  6 jackals (D:4)
  A quokka (D:2)
  10 ball pythons
  2 bats
  5 frilled lizards
  11 kobolds
  8 rats
143 creatures vanquished.

Vanquished Creatures (others)
  423 foxfires
423 creatures vanquished.

Grand Total: 566 creatures vanquished

Notes
Turn   | Place    | Note
-------+----------+-------------------------------------------
     0 | D:1      | Dawnplanks the Barachi Fire Elementalist began the quest
                  | for the Orb.
     0 | D:1      | Reached XP level 1. HP: 13/13 MP: 3/3
   175 | D:1      | Reached XP level 2. HP: 13/19 MP: 0/5
   821 | D:1      | Reached XP level 3. HP: 24/24 MP: 5/7
   933 | D:1      | Learned a level 2 spell: Scorch
  1783 | D:2      | Reached XP level 4. HP: 30/30 MP: 3/8
  1925 | D:2      | Noticed Robin
  1944 | D:2      | Killed Robin
  2353 | D:2      | Noticed Terence
  2358 | D:2      | Killed Terence
  2359 | D:2      | Reached XP level 5. HP: 36/36 MP: 4/10
  2961 | D:3      | Found an ornate altar of the Wu Jian Council.
  3267 | D:4      | Found a shimmering altar of Xom.
  3622 | D:4      | Found Dearukk Ceme's Jewellery Shoppe.
  3733 | D:4      | Reached XP level 6. HP: 42/42 MP: 1/11
  3905 | D:4      | Reached skill level 5 in Fire Magic
  4230 | D:5      | Entered Level 5 of the Dungeon
  4588 | D:5      | Noticed Eustachio
  4597 | D:5      | Killed Eustachio
  4598 | D:5      | Reached skill level 5 in Spellcasting
  4598 | D:5      | Reached XP level 7. HP: 47/47 MP: 1/14
  5450 | D:6      | Found Wil Paa's Armour Emporium.
  5467 | D:6      | Noticed a +0 triple sword
  5469 | D:6      | Found Ferivvuita's Weapon Emporium.
  5471 | D:6      | Noticed a +0 triple sword
  5490 | D:6      | Reached XP level 8. HP: 53/53 MP: 12/16
  5716 | D:6      | Reached skill level 1 in Fighting
  6005 | D:6      | Found Ykhilups's Antique Armour Shop.
  6217 | D:6      | Learned a level 3 spell: Volatile Blastmotes
  6624 | D:6      | Reached skill level 5 in Conjurations
  6624 | D:6      | Reached XP level 9. HP: 59/59 MP: 3/21
  6834 | D:6      | Found Sowok's Armour Emporium.
  7324 | D:7      | HP: 2/59 [hound (1)]
  7325 | D:7      | Succumbed to a water moccasin's poison

Illustrated notes

Levels and vault maps discovered:
D:1:      tarquinn_simple_flora_water_c, layout_loops_corners,
          due_unseen_surprise
D:2:      layout_loops_cross, hangedman_decor_slide_cut, minmay_misc_feat_iff,
          uniq_terence, uniq_robin
D:3:      layout_rooms, mainiacjoe_overflow_boulevard, due_unseen_surprise
D:4:      layout_basic, mainiacjoe_overflow_concentric_impassable, serial_shops,
          kennysheep_mini
D:5:      layout_basic, kennysheep_flooded_box, kennysheep_generic_room_4,
          uniq_eustachio
D:6:      layout_loops_ring, serial_shops, shop, nicolae_shop_mannequins,
          shop_fountains, shop, minivault_22, grunt_ministairs_14,
          grunt_tough_drop
D:7:      minmay_the_grid_triangle_9x9_recursive_2
          [minmay_the_grid_triangle_9x9_prize_schism,
          minmay_the_grid_triangle_9x9_stretched_checkered,
          minmay_the_grid_triangle_9x9_pentomino_pain,
          minmay_the_grid_triangle_9x9_odd_lines], layout_rooms,
          minmay_temple_entry_hall, enter_ossuary_4, uniq_joseph, uniq_pikel,
          uniq_crazy_yiuf_cottage

Skill      XL: |  1  2  3  4  5  6  7  8  9 |
---------------+----------------------------+-----
Fire Magic     | 4 5 6 7 8 |  8.4
Spellcasting   | 3 5 8 |  8.7
Conjurations   | 2 3 4 5 |  5.1
Fighting       | 1 |  1.3
Dodging        | |  2.6
Stealth        | |  1.7
Evocations     | |  0.1

Action                     |  1- 3 |  4- 6 |  7- 9 || total
---------------------------+-------+-------+-------++-------
  Melee: Unarmed           |     6 |       |       ||     6
         Dagger            |       |     6 |     2 ||     8
   Cast: Foxfire           |    51 |   116 |   104 ||   271
         Scorch            |     9 |    22 |    48 ||    79
Ability: Hop               |     1 |     2 |     2 ||     5
  Evoke: Wand              |       |       |     1 ||     1
    Use: Potion            |       |     1 |     1 ||     2
         Scroll            |       |       |     4 ||     4
 Armour: Robe              |     3 |     7 |     9 ||    19
  Dodge: Dodged            |     5 |    13 |    28 ||    46

Table legend: (Time is in decaauts)
 A = Elapsed time spent in this place.
 B = Non-inter-level travel time spent in this place.
 C = Inter-level travel time spent in this place.
 D = Time resting spent in this place.
 E = Time spent auto-exploring this place.
 F = Levels seen in this place.
 G = Mean time per level.
                   A        B        C        D        E       F      G
               +--------+--------+--------+--------+--------+-----+--------+
         Total |   8103 |   7736 |    367 |     48 |   6731 |   7 | 1157.6 |
       Dungeon |   8103 |   7736 |    367 |     48 |   6731 |   7 | 1157.6 |
               +--------+--------+--------+--------+--------+-----+--------+

Top non-repeatable levels by time:
     D:6: 1814 daAuts
     D:1: 1651 daAuts
     D:2: 1366 daAuts
     D:5: 1343 daAuts
     D:4: 1106 daAuts
     D:3: 570 daAuts
     D:7: 250 daAuts
